MLB
OAKLAND ATHLETICS @ LOS ANGELES ANGELS
06/27/2099
 
TOP OF THE 1ST
Oakland Athletics batting - Pitching for Los Angeles Angels : RHP Nick Dixon
Pitching: RHP Nick Dixon
Batting: LHB Ryan Tipton 0-0: Ball
1-0: Foul Ball, location: 5F
1-1: Ball
2-1: Ball
3-1: Fly out, F7 (Flyball, 78D, EV 83.1 MPH)
Batting: RHB Joey George 0-0: Foul Ball, location: 5SF
0-1: Ball
1-1: Ball
2-1: Ground out 1-3 (Groundball, 34S, EV 71.9 MPH)
Batting: LHB Pat Wilson 0-0: Called Strike
0-1: Ball
1-1: Ball
2-1: Fly out, F7 (Flyball, 78S, EV 85.6 MPH)
Top of the 1st over - 0 runs, 0 hits, 0 errors, 0 left on base; Oakland 0 - Los Angeles 0
BOTTOM OF THE 1ST
Los Angeles Angels batting - Pitching for Oakland Athletics : RHP Dylan Harrison
Pitching: RHP Dylan Harrison
Batting: RHB Matthew Allen 0-0: Foul Ball, location: 7LDF
0-1: Called Strike
0-2: Ball
1-2: Strikes out swinging
Batting: LHB Ramon Bermudez 0-0: Fly out, F7 (Flyball, 78S, EV 95.0 MPH)
Batting: RHB Jimmy Powell 0-0: Ball
1-0: Called Strike
1-1: Ground out 4-3 (Groundball, 4MS, EV 83.1 MPH)
Bottom of the 1st over - 0 runs, 0 hits, 0 errors, 0 left on base; Oakland 0 - Los Angeles 0
TOP OF THE 2ND
Oakland Athletics batting - Pitching for Los Angeles Angels : RHP Nick Dixon
Batting: LHB Ivan Suarez 0-0: Ball
1-0: Foul Ball, location: 7LSF
1-1: Ball
2-1: Foul Ball, location: 2F
2-2: Strikes out swinging
Batting: RHB Ryan Taylor 0-0: Ball
1-0: Ball
2-0: Foul Ball, location: 23F
2-1: SINGLE (Line Drive, 7S, EV 95.6 MPH)
Batting: RHB Randy Fowler 0-0: Ball
1-0: Foul Ball, location: 2F
1-1: Called Strike
1-2: Ball
2-2: Fielders Choice at 2nd, 6-4 (Groundball, 6, EV 81.9 MPH)
Pitching: LHP Juan Montes
Batting: RHB David Reichel 0-0: Ball
1-0: Called Strike
1-1: Called Strike
1-2: Ball
2-2: Foul Ball, location: 2F
2-2: Strikes out looking
Top of the 2nd over - 0 runs, 1 hit, 0 errors, 1 left on base; Oakland 0 - Los Angeles 0
BOTTOM OF THE 2ND
Los Angeles Angels batting - Pitching for Oakland Athletics : RHP Dylan Harrison
Batting: LHB Matt Evans 0-0: Ball
1-0: Foul Ball, location: 7LSF
1-1: Fly out, F7 (Flyball, 78S, EV 91.3 MPH)
Batting: RHB Jose Orozco 0-0: Ball
1-0: Ball
2-0: Ground out 6-3 (Groundball, 6, EV 86.9 MPH)
Batting: LHB Carlos Parez 0-0: Ball
1-0: Foul Ball, location: 23FF
1-1: Fly out, F1 (Line Drive, P, EV 73.1 MPH)
Bottom of the 2nd over - 0 runs, 0 hits, 0 errors, 0 left on base; Oakland 0 - Los Angeles 0
TOP OF THE 3RD
Oakland Athletics batting - Pitching for Los Angeles Angels : LHP Juan Montes
Batting: LHB Gene Del Vecchio 0-0: Called Strike
0-1: Ball
1-1: Ball
2-1: Foul Ball, location: 5FF
2-2: Foul Ball, location: 2F
2-2: Strikes out swinging
Batting: RHB Tom Karr 0-0: Called Strike
0-1: Called Strike
0-2: Foul Ball, location: 3DF
0-2: Ball
1-2: Ball
2-2: SINGLE (Groundball, 56D, EV 102.5 MPH) (infield hit)
Batting: LHB Ryan Tipton 0-0: Ball
1-0: Foul Ball, location: 2F
1-1: SINGLE (Flyball, 78S, EV 98.1 MPH)
Tom Karr to second
Batting: RHB Joey George 0-0: Called Strike
Tom Karr steals 3rd base
Ryan Tipton to second
0-1: Swinging Strike
0-2: Ball
1-2: Strikes out looking
Batting: LHB Pat Wilson 0-0: Ball
1-0: Called Strike
1-1: Called Strike
1-2: Foul Ball, location: 2F
1-2: Ball
2-2: Ball
3-2: Ground out 3-1 (Groundball, 34, EV 107.5 MPH)
Top of the 3rd over - 0 runs, 2 hits, 0 errors, 2 left on base; Oakland 0 - Los Angeles 0
BOTTOM OF THE 3RD
Los Angeles Angels batting - Pitching for Oakland Athletics : RHP Dylan Harrison
Batting: LHB Trevor Martz 0-0: Called Strike
0-1: Foul Ball, location: 9LDF
0-2: Strikes out swinging
Batting: RHB Tim Williams 0-0: Ball
1-0: SINGLE (Flyball, 8RS, EV 91.9 MPH)
Batting: SHB Justin Williams 0-0: Swinging Strike
0-1: Swinging Strike
0-2: Foul Ball, location: 23FF
0-2: Foul Ball, location: 2F
0-2: Ball
1-2: Ball
2-2: Strikes out looking
Batting: RHB Matthew Allen 0-0: Foul Ball, location: 2F
0-1: Ball
1-1: Foul Ball, location: 2F
1-2: Ball
2-2: Fielders Choice at 2nd, 6-4 (Groundball, 6, EV 85.0 MPH)
Bottom of the 3rd over - 0 runs, 1 hit, 0 errors, 1 left on base; Oakland 0 - Los Angeles 0
TOP OF THE 4TH
Oakland Athletics batting - Pitching for Los Angeles Angels : LHP Juan Montes
Batting: LHB Ivan Suarez 0-0: Fly out, F7 (Flyball, 8LM, EV 88.1 MPH)
Batting: RHB Ryan Taylor 0-0: Ball
1-0: Ball
2-0: Foul Ball, location: 9LMF
2-1: Ball
3-1: Foul Ball, location: 3FF
3-2: Foul Ball, location: 9LMF
3-2: Fly out, F8 (Flyball, 8RD, EV 106.3 MPH)
Batting: RHB Randy Fowler 0-0: Foul Ball, location: 9LDF
0-1: Ball
1-1: Ball
2-1: Called Strike
2-2: Ball
3-2: Base on Balls
Batting: RHB David Reichel 0-0: Ball
1-0: Called Strike
1-1: Foul Ball, location: 2F
1-2: Ball
2-2: Strikes out swinging
Top of the 4th over - 0 runs, 0 hits, 0 errors, 1 left on base; Oakland 0 - Los Angeles 0
BOTTOM OF THE 4TH
Los Angeles Angels batting - Pitching for Oakland Athletics : RHP Dylan Harrison
Batting: LHB Ramon Bermudez 0-0: Ball
1-0: Ball
2-0: Ground out 6-3 (Groundball, 6M, EV 106.3 MPH)
Batting: RHB Jimmy Powell 0-0: Ball
1-0: Ball
2-0: Ball
3-0: Base on Balls
Batting: LHB Matt Evans 0-0: Called Strike
0-1: Ball
1-1: Foul Ball, location: 2F
1-2: Foul Ball, location: 5F
1-2: Fly out, F7 (Line Drive, 7D, EV 93.8 MPH)
Batting: RHB Jose Orozco 0-0: Ball
1-0: Foul Ball, location: 5SF
1-1: Ball
2-1: Reached via error on a dropped throw from P, E3 (Groundball, 15S, EV 83.1 MPH)
Jimmy Powell to second
Batting: LHB Carlos Parez 0-0: Ball
1-0: Foul Ball, location: 23F
1-1: SINGLE (Groundball, 4MD, EV 102.5 MPH)
Jimmy Powell to third
Jose Orozco to second
Runner from 3rd tries for Home, SAFE, throw by CF to home
Jose Orozco to third
Carlos Parez to second
Batting: LHB Trevor Martz 0-0: Ball
1-0: Ball
2-0: Foul Ball, location: 2F
2-1: Ball
3-1: Base on Balls
Batting: RHB Tim Williams 0-0: SINGLE (Line Drive, 8LS, EV 105.6 MPH)
Jose Orozco scores
Carlos Parez to third
Trevor Martz to second
Runner from 3rd tries for Home, SAFE, throw by CF to home
Batting: SHB Justin Williams 0-0: Called Strike
0-1: Ball
1-1: Ball
2-1: Swinging Strike
2-2: Strikes out swinging
Bottom of the 4th over - 3 runs, 2 hits, 1 error, 2 left on base; Oakland 0 - Los Angeles 3
TOP OF THE 5TH
Oakland Athletics batting - Pitching for Los Angeles Angels : LHP Juan Montes
Batting: LHB Gene Del Vecchio 0-0: Called Strike
0-1: Ground out 6-3 (Groundball, 6, EV 110.6 MPH)
Batting: RHB Tom Karr 0-0: Ball
1-0: SINGLE (Groundball, 4MD, EV 96.3 MPH)
Batting: LHB Ryan Tipton 0-0: Ball
Tom Karr is caught stealing 2nd base 2-6
1-0: Ball
2-0: Foul Ball, location: 2F
2-1: Ball
3-1: Fly out, F8 (Flyball, 78M, EV 94.4 MPH)
Top of the 5th over - 0 runs, 1 hit, 0 errors, 0 left on base; Oakland 0 - Los Angeles 3
BOTTOM OF THE 5TH
Los Angeles Angels batting - Pitching for Oakland Athletics : RHP Dylan Harrison
Batting: RHB Matthew Allen 0-0: Called Strike
0-1: Foul Ball, location: 9LSF
0-2: Ball
1-2: Strikes out looking
Batting: LHB Ramon Bermudez 0-0: Foul Ball, location: 2F
0-1: Ground out 6-3 (Groundball, 6, EV 81.9 MPH)
Batting: RHB Jimmy Powell 0-0: Ball
1-0: Foul Ball, location: 2F
1-1: Foul Ball, location: 2RF
1-2: Ball
2-2: DOUBLE (Groundball, 5L, EV 102.5 MPH)
Batting: LHB Matt Evans 0-0: Called Strike
0-1: Ball
1-1: Ground out 2-3 (Groundball, 2R, EV 71.9 MPH)
Bottom of the 5th over - 0 runs, 1 hit, 0 errors, 1 left on base; Oakland 0 - Los Angeles 3
TOP OF THE 6TH
Oakland Athletics batting - Pitching for Los Angeles Angels : LHP Juan Montes
Batting: RHB Joey George 0-0: Called Strike
0-1: Ground out 6-3 (Groundball, 6, EV 83.8 MPH)
Batting: LHB Pat Wilson 0-0: Ball
1-0: Ball
2-0: Ground out 4-3 (Groundball, 4, EV 88.1 MPH)
Batting: LHB Ivan Suarez 0-0: Ball
1-0: Ball
2-0: Called Strike
2-1: DOUBLE (Flyball, 78D, EV 111.3 MPH)
Batting: RHB Ryan Taylor 0-0: Ball
1-0: Fly out, F9 (Flyball, 9S, EV 95.0 MPH)
Top of the 6th over - 0 runs, 1 hit, 0 errors, 1 left on base; Oakland 0 - Los Angeles 3
BOTTOM OF THE 6TH
Los Angeles Angels batting - Pitching for Oakland Athletics : RHP Dylan Harrison
Batting: RHB Jose Orozco 0-0: Ball
1-0: Foul Ball, location: 9LDF
1-1: Foul Ball, location: 7LDF
1-2: Ground out U3 (Groundball, 3, EV 95.6 MPH)
Batting: LHB Carlos Parez 0-0: Called Strike
0-1: Called Strike
0-2: Ball
1-2: Foul Ball, location: 9LSF
1-2: SINGLE (Line Drive, 8LS, EV 89.4 MPH)
Batting: LHB Trevor Martz 0-0: Swinging Strike
0-1: Called Strike
0-2: Ball
1-2: Ball
2-2: Foul Ball, location: 7LMF
2-2: Ball
3-2: DOUBLE (Line Drive, 78D, EV 105.0 MPH)
Carlos Parez to third
Runner from 3rd tries for Home, SAFE, no throw by CF
Batting: RHB Tim Williams 0-0: Foul Ball, location: 2F
0-1: SINGLE (Groundball, 4MD, EV 107.5 MPH)
Trevor Martz to third
Batting: SHB Justin Williams 0-0: Ball
1-0: Ball
2-0: Ball
3-0: Called Strike
3-1: Called Strike
3-2: Foul Ball, location: 7LSF
3-2: SINGLE (Groundball, 4MD, EV 109.4 MPH)
Trevor Martz scores
Tim Williams to second
Runner from 2nd tries for 3rd, SAFE, throw by CF made to third
Batting: RHB Matthew Allen 0-0: Called Strike
0-1: SINGLE (Groundball, 34D, EV 98.1 MPH)
Tim Williams scores
Justin Williams to second
Runner from 2nd tries for 3rd, SAFE, no throw by RF
Batting: LHB Ramon Bermudez 0-0: Called Strike
0-1: Grounds into double play, 4-6-3 (Groundball, 4S, EV 90.0 MPH)
Bottom of the 6th over - 3 runs, 5 hits, 0 errors, 1 left on base; Oakland 0 - Los Angeles 6
TOP OF THE 7TH
Oakland Athletics batting - Pitching for Los Angeles Angels : LHP Juan Montes
Batting: RHB Randy Fowler 0-0: Ball
1-0: Ball
2-0: Called Strike
2-1: Foul Ball, location: 2F
2-2: Ball
3-2: Strikes out swinging
Batting: RHB David Reichel 0-0: Ball
1-0: Called Strike
1-1: Ball
2-1: Swinging Strike
2-2: Ball
3-2: Strikes out swinging
Batting: LHB Gene Del Vecchio 0-0: Called Strike
0-1: Fly out, F8 (Flyball, 8LM, EV 92.5 MPH)
Top of the 7th over - 0 runs, 0 hits, 0 errors, 0 left on base; Oakland 0 - Los Angeles 6
BOTTOM OF THE 7TH
Los Angeles Angels batting - Pitching for Oakland Athletics : RHP Dylan Harrison
Batting: RHB Jimmy Powell 0-0: Ball
1-0: Ball
2-0: Ball
3-0: Called Strike
3-1: Foul Ball, location: 5F
3-2: Strikes out looking
Pitching: RHP Keith Rasmussen
Batting: LHB Matt Evans 0-0: Foul Ball, location: 2F
0-1: Ball
1-1: Ball
2-1: Fly out, F8 (Flyball, 8LXD, EV 95.0 MPH)
Batting: RHB Jose Orozco 0-0: Foul Ball, location: 9LMF
0-1: Foul Ball, location: 25F
0-2: Strikes out swinging
Bottom of the 7th over - 0 runs, 0 hits, 0 errors, 0 left on base; Oakland 0 - Los Angeles 6
TOP OF THE 8TH
Oakland Athletics batting - Pitching for Los Angeles Angels : LHP Juan Montes
Batting: RHB Tom Karr 0-0: Ball
1-0: Ball
2-0: Ball
3-0: Called Strike
3-1: Swinging Strike
3-2: Base on Balls
Batting: LHB Ryan Tipton 0-0: Called Strike
0-1: Fly out, F9 (Line Drive, 89M, EV 104.4 MPH)
Batting: RHB Joey George 0-0: Ball
1-0: Foul Ball, location: 23F
1-1: SINGLE (Line Drive, 56D, EV 103.1 MPH)
Tom Karr to second
Batting: LHB Pat Wilson 0-0: Called Strike
0-1: Ball
1-1: Ball
2-1: Ball
3-1: Swinging Strike
3-2: Foul Ball, location: 7LDF
3-2: Base on Balls
Tom Karr to third
Joey George to second
Batting: LHB Ivan Suarez 0-0: Called Strike
0-1: Ball
1-1: Ball
2-1: Ball
3-1: Called Strike
3-2: Base on Balls
Tom Karr scores
Joey George to third
Pat Wilson to second
Pitching: RHP Randy Lamb
Batting: RHB Ryan Taylor 0-0: Foul Ball, location: 9LSF
0-1: Ball
1-1: Swinging Strike
1-2: Foul Ball, location: 9LMF
1-2: Ball
2-2: Strikes out swinging
Batting: LHB Steve Tocci 0-0: Called Strike
0-1: Foul Ball, location: 2F
0-2: Foul Ball, location: 3F
0-2: Foul Ball, location: 2F
0-2: Foul Ball, location: 7LDF
0-2: Ball
1-2: Fielders Choice at 2nd, 6-4 (Groundball, 6, EV 91.3 MPH)
Top of the 8th over - 1 run, 1 hit, 0 errors, 3 left on base; Oakland 1 - Los Angeles 6
BOTTOM OF THE 8TH
Los Angeles Angels batting - Pitching for Oakland Athletics : RHP Keith Rasmussen
Pitching: LHP Justin Thomas
Batting: LHB Carlos Parez 0-0: Ground out U3 (Groundball, 34, EV 86.3 MPH)
Batting: LHB Trevor Martz 0-0: Ball
1-0: Ball
2-0: Ball
3-0: Called Strike
3-1: SINGLE (Line Drive, 8LS, EV 110.6 MPH)
Batting: RHB Tim Williams 0-0: Foul Ball, location: 2RF
0-1: Foul Ball, location: 2F
0-2: Ball
1-2: Strikes out looking
Batting: SHB Justin Williams 0-0: Swinging Strike
0-1: Ground out 2-3 (Groundball, 2R, EV 60.6 MPH)
Bottom of the 8th over - 0 runs, 1 hit, 0 errors, 1 left on base; Oakland 1 - Los Angeles 6
TOP OF THE 9TH
Oakland Athletics batting - Pitching for Los Angeles Angels : RHP Randy Lamb
Pinch Hitting: LHB Kyle O'Connor 0-0: Ball
1-0: Ground out 6-3 (Groundball, 6, EV 93.1 MPH)
Batting: LHB Gene Del Vecchio 0-0: Ball
1-0: Ball
2-0: Called Strike
2-1: Foul Ball, location: 3F
2-2: Foul Ball, location: 9LSF
2-2: Strikes out swinging
Batting: RHB Tom Karr 0-0: Foul Ball, location: 2F
0-1: Ball
1-1: Ball
2-1: Fly out, F6 (Flyball, 6D, EV 84.4 MPH)
Top of the 9th over - 0 runs, 0 hits, 0 errors, 0 left on base; Oakland 1 - Los Angeles 6
Friday, May 10th , 2024 - OOTP Baseball 24.11 Build 85